 Dungeon Crawl Stone Soup version 0.27.1-33-g824d729ab1 (webtiles) character file.

Game seed: 11863451117134788212

60 MisterFreud the Sneak (level 3, -5/17 HPs)
             Began as a Felid Berserker on Dec 30, 2021.
             Was a Believer of Trog.
             Slain by a worm (10 damage)
             ... on level 4 of the Dungeon.
             The game lasted 00:02:55 (2551 turns).

MisterFreud the Sneak (Felid Berserker)             Turns: 2551, Time: 00:02:56

Health: -5/17      AC:  1    Str: 13    XL:     3   Next: 82%
Magic:  4/4        EV: 18    Int: 14    God:    Trog [**....]
Gold:   73         SH:  0    Dex: 16    Spells: 2/2 levels left
                                        Lives:  0   Deaths: 1

rFire    . . .     SeeInvis +     - Unarmed
rCold    . . .     Faith    .   (shield unavailable)
rNeg     . . .     Spirit   .   (armour unavailable)
rPois    .         Reflect  .   (helmet unavailable)
rElec    .         Harm     .   (cloak unavailable)
rCorr    .         Rampage  .   (gloves unavailable)
Will     .....                  (boots unavailable)
Stlth    +++.......             (no amulet)
HPRegen  0.05/turn              l - +6 ring of intelligence
MPRegen  0.09/turn              (no ring)

@: quick
A: very small, claws 1, fangs 3, see invisible, speed 1, shaggy fur 1, stealthy
paws, no weapons or thrown items, no armour, multi-lived
a: Renounce Religion, Berserk, Trog's Hand


You were on level 4 of the Dungeon.
You worshipped Trog.
Trog was pleased with you.
You visited 1 branch of the dungeon, and saw 4 of its levels.

You collected 73 gold pieces.

Inventory:

Jewellery
 l - a +6 ring of intelligence (left paw)
Scrolls
 b - a scroll of noise
 c - 2 scrolls of identify {unknown}
 d - a scroll of blinking {unknown}
 f - a scroll of teleportation {unknown}
 h - a scroll of amnesia {unknown}
 j - a scroll of fear {unknown}
Potions
 a - a potion of heal wounds {unknown}
 e - a potion of mutation {unknown}
 g - a potion of haste {unknown}
 i - a potion of might {unknown}
 k - a potion of resistance {unknown}


   Skills:
 - Level 3.0 Fighting
 - Level 4.0 Dodging
 + Level 4.5 Stealth
 + Level 4.5 Unarmed Combat


You had 2 spell levels left.
You didn't know any spells.
Your spell library was empty.

Dungeon Overview and Level Annotations

Branches:
Dungeon (4/15)
 Temple: D:4-7

Altars:
Nemelex Xobeh
Sif Muna
Yredelemnul


Innate Abilities, Weirdness & Mutations

You have sharp claws.
You have razor-sharp teeth.
You have supernaturally acute eyesight. (SInv)
You cover ground quickly. (Speed+)
You are covered in fur. (AC +1)
Your paws help you pounce on unaware monsters.
You are incapable of wielding weapons or throwing items.
You cannot wear armour.
You gain extra lives every three experience levels.


Message History

You hear a loud clanging noise!
It was a scroll of noise.
You hear a shout! x3
Your skin crawls.
You feel strong-willed. The orc hits you with a +0 short sword.
You die...
You are now level 3!
You rejoin the land of the living...
Unknown command.
Unknown command.
A worm comes into view.
A worm is nearby!
A worm is nearby!
A kobold comes into view. It is wielding a +1 dagger of venom.
You barely miss the worm. The worm completely misses you.
You scratch the worm.
The worm is moderately wounded.
You scratch the worm but do no damage. You bite the worm, but do no damage.
The worm is moderately wounded.
The worm bites you!
Ouch! That really hurt!
You are too injured to fight recklessly!
You scratch the worm. Your bite misses the worm.
The worm is moderately wounded.
The worm bites you.
* * * LOW HITPOINT WARNING * * *
You barely miss the worm.
The worm is moderately wounded.
You are too injured to fight recklessly!
You claw the worm!
The worm is severely wounded.
The worm closely misses you.
You scratch the worm.
The worm is severely wounded.
You scratch the worm.
The worm is almost dead.
The worm bites you!
Ouch! That really hurt!
You die...

#.# #K#
#.# #.#
#.# #.# ##
#w# #..
#@# #..
#.# #..
#.# ###..
#.# #....
#.# ..#..
#.# .....
#.# #..
########.#
#..
.........#
###


You could see a worm and a kobold (asleep).

Vanquished Creatures
  An orc priest (D:4)
  2 adders
  A worm (D:2)
  6 dart slugs
  2 orcs (D:4)
  5 ball pythons
  7 bats
  6 endoplasms
  A giant cockroach (D:3)
  5 goblins
  6 hobgoblins
  2 quokkas
  2 frilled lizards
  6 kobolds
  8 rats
60 creatures vanquished.

Notes
Turn   | Place    | Note
-------+----------+-------------------------------------------
     0 | D:1      | MisterFreud the Felid Berserker began the quest for the
                  | Orb.
     0 | D:1      | Reached XP level 1. HP: 10/10 MP: 2/2
    47 | D:1      | Reached skill level 1 in Stealth
    69 | D:1      | Reached XP level 2. HP: 11/14 MP: 3/3
   877 | D:1      | Reached XP level 3. HP: 17/17 MP: 4/4
  1234 | D:2      | Reached ** piety under Trog
  1518 | D:2      | Found a shimmering blue altar of Sif Muna.
  1770 | D:3      | Found a basalt altar of Yredelemnul.
  1770 | D:3      | Found a sparkling altar of Nemelex Xobeh.
  1857 | D:3      | Reached XP level 4. HP: 21/21 MP: 5/5
  1914 | D:3      | Noticed a golden eye
  1918 | D:3      | Noticed a shining eye
  1920 | D:3      | Found a faded altar of an unknown god.
  1922 | D:3      | Noticed an eye of devastation
  1928 | D:3      | Noticed a great orb of eyes
  2528 | D:4      | Noticed a phantom
  2534 | D:4      | Slain by an orc
  2535 | D:4      | Reached XP level 3. HP: 0/17 MP: 4/4
  2551 | D:4      | Slain by a worm

Illustrated notes

Levels and vault maps discovered:
D:1:      zaba_arrival_water, layout_basic
D:2:      layout_rooms, basic_altar
D:3:      layout_loops_ring, overflow_temple_1_default,
          mainiacjoe_overflow_chevrons, hellmonk_ecumenical_altar_watching_god,
          minmay_misc_feat_diagonals, grunt_decor_clamped
D:4:      layout_basic, marbit_many_paths, eat_drink_and_be_merry_uskayaw,
          serial_corexii_hall, chequers_hall_statues_wall_a,
          corexii_hall_statues_deadend, minmay_cupped

Skill      XL: |  1  2  3  4 |
---------------+-------------+-----
Stealth        | 1 2 3 4 |  4.5
Unarmed Combat | 4 |  4.5
Fighting       | |  3.0
Dodging        | |  4.0

Action                   |  1- 3 |  4- 6 || total
-------------------------+-------+-------++-------
Melee: Unarmed           |   113 |    44 ||   157
       Bite              |     6 |     4 ||    10
       Punch             |     1 |       ||     1
Invok: Berserk           |     2 |     1 ||     3
       Trog's Hand       |       |     1 ||     1
  Use: Scroll            |       |     1 ||     1
 Stab: Sleeping          |     6 |     3 ||     9
Armor: Skin              |     5 |       ||     5
Dodge: Dodged            |    82 |    44 ||   126
